 Dungeon Crawl Stone Soup version 0.31-a0-507-gbafd7f5274 (webtiles) character file.

Game seed: 17523647799632310220

306 randomguy2701 the Grave Robber (level 6, -1/31 (32) HPs)
             Began as a Deep Elf Necromancer on Aug 9, 2023.
             Slain by a wight
             ... wielding a +5 halberd
              (16 damage)
             ... on level 4 of the Dungeon.
             The game lasted 00:05:20 (3548 turns).

randomguy2701 the Grave Robber (DENe)               Turns: 3548, Time: 00:05:22

HP:   -1/31 (32)    AC:  2    Str:  5    XL:     6   Next: 16%
MP:   13/16         EV: 13    Int: 22    God:
Gold: 53            SH:  0    Dex: 15    Spells: 12/16 levels left

rFire   . . .        (no weapon)
rCold   . . .        (no shield)
rNeg    . . .        a - +0 robe
rPois   .            (no helmet)
rElec   .            (no cloak)
rCorr   .            (no gloves)
SInv    .            (no boots)
Will    .....        (no amulet)
Stlth   ++           (no ring)
HPRegen 0.25/turn    (no ring)
MPRegen 0.15/turn

%: no passive effects
@: lightly drained
A: no striking features
a: no special abilities


You were on level 4 of the Dungeon.
You visited 1 branch of the dungeon, and saw 5 of its levels.

You collected 53 gold pieces.

Inventory:

Armour
 a - a +0 robe (worn)
Wands
 r - a wand of flame (5)
Scrolls
 d - a scroll of teleportation {unknown}
 e - a scroll of noise {unknown}
 g - 5 scrolls of identify {unknown}
 l - a scroll of fear {unknown}
 m - a scroll of revelation {unknown}
 n - a scroll of blinking {unknown}
 o - a scroll of fog {unknown}
 p - a scroll of vulnerability {unknown}
 q - a scroll of enchant armour {unknown}
Potions
 b - 2 potions of magic
 c - a potion of degeneration {unknown}
 f - a potion of cancellation {unknown}
 h - 2 potions of resistance {unknown}
 i - 5 potions of heal wounds {unknown}
 j - 2 potions of curing {unknown}
 k - 2 potions of mutation {unknown}


   Skills:
 + Level 2.8 Dodging
 + Level 3.2 Stealth
 + Level 5.6 Spellcasting
 + Level 7.3 Necromancy


You had 12 spell levels left.
You knew the following spells:

 Your Spells              Type           Power      Damage    Failure   Level
a - Necrotise             Necr           100%       1d9       1%          1
b - Vampiric Draining     Necr           38%        2d8       1%          3

Your spell library contained the following spells:

 Spells                   Type           Power      Damage    Failure   Level
 Animate Dead             Necr           38%        N/A       4%          4
 Summon Small Mammal      Summ           24%        N/A       10%         1
 Agony                    Necr           38%        N/A       13%         5
 Call Canine Familiar     Summ           6%         N/A       28%         3
 Summon Guardian Golem    Hex/Summ       6%         N/A       28%         3


Dungeon Overview and Level Annotations

Branches:
Dungeon (5/15)
 Temple: D:4-7

Altars:
Cheibriados
Hepliaklqana
Wu Jian

Shops:
D:4 [*=


Message History

The dead are hopping!
You can't see any susceptible monsters within range! (Use Z to cast anyway.)
You can't see any susceptible monsters within range! (Use Z to cast anyway.)
You swap places.
j - 2 red potions (gained 1)
You see here a +0 long sword.
Your adder skeleton crumbles into dust!
Your quokka skeleton crumbles into dust! 2 wights come into view.
There are monsters nearby!
There are monsters nearby!
There are monsters nearby!
There is a stone staircase leading down here.
Found a quarterstaff.
Found a ring mail.
The wight misses you. The wight barely misses you. The wight barely misses you.
A scorpion comes into view.
The wight is unaffected.
The wight hits you from afar with a +5 halberd!
Ouch! That really hurt!
You are too injured to fight recklessly!
Casting: Necrotise (safe; 1% risk of failure)
Confirm with . or Enter, or press ? or * to list all spells.
Aiming: Necrotise (safe; 1% risk of failure)
Press: ? - help, Shift-Dir - straight line, f - scorpion, p - wight
Aim: a scorpion (chance to affect: 83%)
The scorpion writhes in agony.
The wight hits you from afar with a +5 halberd.
You feel drained.
Casting: Necrotise (safe; 1% risk of failure)
Confirm with . or Enter, or press ? or * to list all spells.
Aiming: Necrotise (safe; 1% risk of failure)
Press: ? - help, Shift-Dir - straight line, f/p - scorpion
Aim: a scorpion (moderately wounded, chance to affect: 83%)
The scorpion writhes in agony.
The wight hits you from afar with a +5 halberd!
Ouch! That really hurt!
You die...

### ..#
#.#
######s#
#...##@#
###.##.#
#..[.z.#
###z####
#.###
#)..#
###z#
###>###
#.....#


You could see a scorpion and a wight.

Vanquished Creatures
  A jelly (D:4)
  An iguana (D:5)
  11 gnolls
  6 adders
  A worm (D:4)
  A dart slug (D:3)
  7 orcs
  2 ball pythons (D:1)
  5 endoplasms
  5 giant cockroaches
  11 goblins
  5 hobgoblins
  2 jackals (D:1)
  2 quokkas (D:4)
  5 bats
  2 frilled lizards
  9 kobolds
  8 rats
84 creatures vanquished.

Vanquished Creatures (collateral kills)
  A kobold (D:4)
1 creature vanquished.

Grand Total: 85 creatures vanquished

Notes
Turn   | Place    | Note
-------+----------+-------------------------------------------
     0 | D:1      | randomguy2701 the Deep Elf Necromancer began the quest for
                  | the Orb.
     0 | D:1      | Reached XP level 1. HP: 10/10 MP: 6/6
   105 | D:1      | Reached skill level 5 in Necromancy
   192 | D:1      | Reached XP level 2. HP: 15/15 MP: 5/8
  1061 | D:2      | Reached XP level 3. HP: 18/19 MP: 6/10
  1141 | D:2      | Reached skill level 6 in Necromancy
  1152 | D:2      | Reached XP level 4. HP: 11/24 MP: 3/11
  1889 | D:2      | Found an ornate altar of the Wu Jian Council.
  2503 | D:4      | Found a hazy altar of Hepliaklqana.
  2547 | D:4      | Found Zuffevemm's Assorted Antiques.
  2602 | D:4      | Reached XP level 5. HP: 28/28 MP: 11/14
  2927 | D:4      | Found a snail-covered altar of Cheibriados.
  2989 | D:4      | Reached skill level 7 in Necromancy
  3078 | D:4      | Reached skill level 5 in Spellcasting
  3193 | D:4      | Found Haur's Armour Boutique.
  3220 | D:5      | Entered Level 5 of the Dungeon
  3283 | D:5      | Learned a level 3 spell: Vampiric Draining
  3319 | D:5      | Noticed an ice beast
  3323 | D:5      | Reached XP level 6. HP: 32/32 MP: 6/16
  3398 | D:4      | Found Esaan's Jewellery Shoppe.
  3548 | D:4      | Slain by a wight

Illustrated notes

Levels and vault maps discovered:
D:1:      ebering_trefoil_twist, layout_loops_ring, serial_glass,
          glass_columns_b, glass_columns_b, feat_on_display, item_on_display_a,
          due_unseen_surprise, item_on_display_a, st_stairs_8,
          patterned_corridor
D:2:      layout_basic, basic_altar
D:3:      layout_basic, kennysheep_generic_room_3
D:4:      layout_loops_cross, minitemple, mainiacjoe_overflow_paths,
          overflow_temple_1_default, serial_shops, shop,
          nicolae_shop_behind_doors, nicolae_shop_back_alley_shop,
          nicolae_shop_tiny_real_fake_doors, minmay_close_crescents
D:5:      cheibrodos_iron_armory, layout_basic, kennysheep_generic_room_8,
          uniq_duvessa

Skill      XL: |  1  2  3  4  5 |
---------------+----------------+-----
Necromancy     | 5 6 7 |  7.3
Stealth        | 3 |  3.2
Spellcasting   | 4 5 |  5.6
Dodging        | |  2.8

Action                     |  1- 3 |  4- 6 || total
---------------------------+-------+-------++-------
  Melee: Unarmed           |     2 |     3 ||     5
   Cast: Necrotise         |    50 |   124 ||   174
   Stab: Sleeping          |       |     1 ||     1
 Armour: Robe              |     3 |     6 ||     9
  Dodge: Dodged            |     9 |    37 ||    46

Table legend: (Time is in decaauts)
 A = Elapsed time spent in this place.
 B = Non-inter-level travel time spent in this place.
 C = Inter-level travel time spent in this place.
 D = Time resting spent in this place.
 E = Time spent auto-exploring this place.
 F = Levels seen in this place.
 G = Mean time per level.
                   A        B        C        D        E       F      G
               +--------+--------+--------+--------+--------+-----+--------+
         Total |   3547 |   3443 |    104 |      0 |   2964 |   5 |  709.4 |
       Dungeon |   3547 |   3443 |    104 |      0 |   2964 |   5 |  709.4 |
               +--------+--------+--------+--------+--------+-----+--------+

Top non-repeatable levels by time:
     D:1: 1021 daAuts
     D:2: 1012 daAuts
     D:4: 832 daAuts
     D:3: 573 daAuts
     D:5: 108 daAuts
